TOP OF THE 1ST |
University of California Golden Bears batting - Pitching for Ohio State University Buckeyes : RHP Jason Trahan
|
Pitching: RHP Jason Trahan
|
|
Batting: LHB Luis Orellana
|
0-0: Ball 1-0: Called Strike 1-1: Swinging Strike 1-2: Ball 2-2: Foul Ball, location: 2F 2-2: Ball 3-2: Ground out 6-3 (Groundball, 6M, EV 104.4 MPH)
|
Batting: LHB Mario Molina
|
0-0: Ball 1-0: Called Strike 1-1: Swinging Strike 1-2: Foul Ball, location: 2F 1-2: Fly out, F7 (Line Drive, 7, EV 93.1 MPH)
|
Batting: RHB Nate Mahon
|
0-0: Ball 1-0: Ball 2-0: Ball 3-0: Called Strike 3-1: Swinging Strike 3-2: SOLO HOME RUN (Flyball, 78XD, EV 110.0 MPH), Distance : 435 ft
|
Batting: LHB Carlos Gaona
|
0-0: Called Strike 0-1: Fly out, F9 (Flyball, 89D, EV 95.0 MPH)
|
Top of the 1st over - 1 run, 1 hit, 0 errors, 0 left on base; University of California 1 - Ohio State University 0 |
BOTTOM OF THE 1ST |
Ohio State University Buckeyes batting - Pitching for University of California Golden Bears : LHP Leo Gomez
|
Pitching: LHP Leo Gomez
|
|
Batting: LHB Anthony Ross
|
0-0: Ball 1-0: Ball 2-0: Called Strike 2-1: Ball 3-1: Base on Balls
|
Batting: RHB Jacob Carrano
|
0-0: Called Strike 0-1: Ball 1-1: Ball 2-1: Grounds into double play, 6-4-3 (Groundball, 6, EV 83.8 MPH)
|
Batting: LHB Zach Brandt
|
0-0: Called Strike 0-1: Called Strike 0-2: Foul Ball, location: 2F 0-2: Ball 1-2: Ball 2-2: Ball 3-2: Base on Balls
|
Batting: RHB Bo Wu
|
0-0: Ball 1-0: SINGLE (Groundball, 56D, EV 95.0 MPH) Zach Brandt to second
|
Batting: LHB Chris Perry
|
0-0: Called Strike 0-1: Foul Ball, location: 2F 0-2: Ball 1-2: Ball 2-2: DOUBLE (Line Drive, 9LM, EV 91.9 MPH) Zach Brandt scores Bo Wu to third Runner from 3rd tries for Home, SAFE, throw by RF to home
|
Batting: RHB David Guillen
|
0-0: Swinging Strike 0-1: Foul Ball, location: 2F 0-2: Strikes out swinging
|
Bottom of the 1st over - 2 runs, 2 hits, 0 errors, 1 left on base; University of California 1 - Ohio State University 2 |
TOP OF THE 2ND |
University of California Golden Bears batting - Pitching for Ohio State University Buckeyes : RHP Jason Trahan
|
Batting: RHB Jason BĂ©llanger
|
0-0: Ball 1-0: Ball 2-0: Foul Ball, location: 2F 2-1: Ball 3-1: Fly out, F7 (Flyball, 7D, EV 73.8 MPH)
|
Batting: RHB Mike Wilson
|
0-0: Ball 1-0: Called Strike 1-1: Swinging Strike 1-2: Foul Ball, location: 2F 1-2: Strikes out swinging
|
Batting: RHB Juan Debayle
|
0-0: Ball 1-0: Called Strike 1-1: Fly out, F7 (Flyball, 7D, EV 102.5 MPH)
|
Top of the 2nd over - 0 runs, 0 hits, 0 errors, 0 left on base; University of California 1 - Ohio State University 2 |
BOTTOM OF THE 2ND |
Ohio State University Buckeyes batting - Pitching for University of California Golden Bears : LHP Leo Gomez
|
Batting: RHB Marcelo Bardelli
|
0-0: Ground out 5-3 (Groundball, 56, EV 93.8 MPH)
|
Batting: LHB Adam Simpson
|
0-0: Fly out, F9 (Flyball, 9, EV 85.0 MPH)
|
Batting: RHB Joe Costner
|
0-0: Called Strike 0-1: Ball 1-1: Ball 2-1: SINGLE (Line Drive, 34D, EV 98.1 MPH)
|
Batting: LHB Anthony Ross
|
0-0: Ball 1-0: Ball 2-0: Ball 3-0: Called Strike 3-1: Foul Ball, location: 2F 3-2: Ground out 4-3 (Groundball, 4, EV 98.1 MPH)
|
Bottom of the 2nd over - 0 runs, 1 hit, 0 errors, 1 left on base; University of California 1 - Ohio State University 2 |
TOP OF THE 3RD |
University of California Golden Bears batting - Pitching for Ohio State University Buckeyes : RHP Jason Trahan
|
Batting: RHB Marcos Zamora
|
0-0: Ball 1-0: Ball 2-0: Ball 3-0: Called Strike 3-1: Base on Balls
|
Batting: RHB Jake Ralston
|
0-0: Grounds into double play, 5-4-3 (Groundball, 56, EV 98.1 MPH)
|
Batting: LHB Luis Orellana
|
0-0: Ball 1-0: Ball 2-0: Swinging Strike 2-1: Fly out, F8 (Flyball, 78M, EV 88.8 MPH)
|
Top of the 3rd over - 0 runs, 0 hits, 0 errors, 0 left on base; University of California 1 - Ohio State University 2 |
BOTTOM OF THE 3RD |
Ohio State University Buckeyes batting - Pitching for University of California Golden Bears : LHP Leo Gomez
|
Batting: RHB Jacob Carrano
|
0-0: Called Strike 0-1: Foul Ball, location: 2F 0-2: Fly out, F7 (Flyball, 78S, EV 88.8 MPH)
|
Batting: LHB Zach Brandt
|
0-0: Foul Ball, location: 2F 0-1: Ball 1-1: Ball 2-1: Called Strike 2-2: Ball 3-2: Fly out, F4 (Popup, 4MS, EV 84.4 MPH)
|
Batting: RHB Bo Wu
|
0-0: Ground out 4-3 (Groundball, 4M, EV 78.1 MPH)
|
Bottom of the 3rd over - 0 runs, 0 hits, 0 errors, 0 left on base; University of California 1 - Ohio State University 2 |
TOP OF THE 4TH |
University of California Golden Bears batting - Pitching for Ohio State University Buckeyes : RHP Jason Trahan
|
Batting: LHB Mario Molina
|
0-0: Fly out, F9 (Line Drive, 89M, EV 90.6 MPH)
|
Batting: RHB Nate Mahon
|
0-0: Ball 1-0: Ball 2-0: Reached on error, E1 (Groundball, 15S, EV 65.0 MPH)
|
Batting: LHB Carlos Gaona
|
0-0: Ball 1-0: Called Strike 1-1: Ball 2-1: Fly out, F9 (Flyball, 89M, EV 93.1 MPH)
|
Batting: RHB Jason BĂ©llanger
|
0-0: Ball 1-0: Ball 2-0: Ball 3-0: Called Strike 3-1: Foul Ball, location: 2F 3-2: Foul Ball, location: 2F 3-2: Foul Ball, location: 2F 3-2: Foul Ball, location: 2F 3-2: 2-RUN HOME RUN (Flyball, 78XD, EV 105.6 MPH), Distance : 433 ft
|
Batting: RHB Mike Wilson
|
0-0: Ball 1-0: Ball 2-0: Foul Ball, location: 2F 2-1: Foul Ball, location: 2F 2-2: Strikes out looking
|
Top of the 4th over - 2 runs, 1 hit, 1 error, 0 left on base; University of California 3 - Ohio State University 2 |
BOTTOM OF THE 4TH |
Ohio State University Buckeyes batting - Pitching for University of California Golden Bears : LHP Leo Gomez
|
Batting: LHB Chris Perry
|
0-0: Ball 1-0: Ball 2-0: Ball 3-0: Called Strike 3-1: Called Strike 3-2: Ground out 6-3 (Groundball, 6, EV 104.4 MPH)
|
Batting: RHB David Guillen
|
0-0: Swinging Strike 0-1: Ball 1-1: Called Strike 1-2: Foul Ball, location: 2F 1-2: Foul Ball, location: 2F 1-2: Fly out, F4 (Popup, 4, EV 68.1 MPH)
|
Batting: RHB Marcelo Bardelli
|
0-0: Ball 1-0: Ground out 6-3 (Groundball, 6, EV 83.8 MPH)
|
Bottom of the 4th over - 0 runs, 0 hits, 0 errors, 0 left on base; University of California 3 - Ohio State University 2 |
TOP OF THE 5TH |
University of California Golden Bears batting - Pitching for Ohio State University Buckeyes : RHP Jason Trahan
|
Pitching: RHP Rodolfo Lrio
|
|
Now at 1B: Masatoshi Mori
|
|
Now at 3B: Alvaro Millan
|
|
Now in LF: John King
|
|
Batting: RHB Juan Debayle
|
0-0: Ball 1-0: Called Strike 1-1: SINGLE (Line Drive, 5D, EV 96.2 MPH)
|
Batting: RHB Marcos Zamora
|
0-0: Called Strike 0-1: Hit by Pitch Juan Debayle to second
|
Batting: RHB Jake Ralston
|
0-0: Ball 1-0: Bunted foul 1-1: Bunted foul 1-2: Ground out 6-3 (Groundball, 56D, EV 88.1 MPH) Juan Debayle to third Marcos Zamora to second
|
Batting: LHB Luis Orellana
|
0-0: Ball 1-0: Called Strike 1-1: Foul Ball, location: 2F 1-2: Ball 2-2: Fly out, F9 (Line Drive, 89M, EV 88.8 MPH)
|
Pinch Hitting: SHB Nick Jansen
|
0-0: Ball 1-0: Ball 2-0: Fly out, F8 (Flyball, 8RM, EV 82.5 MPH)
|
Top of the 5th over - 0 runs, 1 hit, 0 errors, 2 left on base; University of California 3 - Ohio State University 2 |
BOTTOM OF THE 5TH |
Ohio State University Buckeyes batting - Pitching for University of California Golden Bears : LHP Leo Gomez
|
Now at C: Jonathan Sosa
|
|
Now in LF: Nick Jansen
|
|
Batting: LHB Adam Simpson
|
0-0: Ball 1-0: Ball 2-0: Ball 3-0: Called Strike 3-1: Foul Ball, location: 2F 3-2: Fly out, F8 (Flyball, 8RXD, EV 86.9 MPH)
|
Batting: RHB Joe Costner
|
0-0: Ball 1-0: Swinging Strike 1-1: Ball 2-1: Foul Ball, location: 2F 2-2: Strikes out swinging, 2-3 out at first.
|
Batting: RHB Masatoshi Mori
|
0-0: Ball 1-0: Ball 2-0: Ball 3-0: Called Strike 3-1: Swinging Strike 3-2: Foul Ball, location: 2F 3-2: Strikes out swinging
|
Bottom of the 5th over - 0 runs, 0 hits, 0 errors, 0 left on base; University of California 3 - Ohio State University 2 |
TOP OF THE 6TH |
University of California Golden Bears batting - Pitching for Ohio State University Buckeyes : RHP Rodolfo Lrio
|
Now at C: Josh Dinsmore
|
|
Batting: RHB Nate Mahon
|
0-0: Called Strike 0-1: Ball 1-1: Ball 2-1: Foul Ball, location: 2F 2-2: Ball 3-2: Strikes out swinging
|
Batting: LHB Carlos Gaona
|
0-0: Foul Ball, location: 2F 0-1: Ground out 5-3 (Groundball, 5, EV 83.1 MPH)
|
Batting: RHB Luis Rojas
|
0-0: Ground out 1-3 (Groundball, 15S, EV 64.4 MPH)
|
Top of the 6th over - 0 runs, 0 hits, 0 errors, 0 left on base; University of California 3 - Ohio State University 2 |
BOTTOM OF THE 6TH |
Ohio State University Buckeyes batting - Pitching for University of California Golden Bears : LHP Leo Gomez
|
Pitching: LHP Dave Coleman
|
|
Pinch Hitting: RHB Mike Tarantino
|
0-0: Called Strike 0-1: Foul Ball, location: 2F 0-2: Ball 1-2: Ball 2-2: Ball 3-2: Strikes out swinging
|
Pinch Hitting: RHB Roberto Morado
|
0-0: Ball 1-0: Fly out, F8 (Flyball, 8RM, EV 86.9 MPH)
|
Batting: RHB Harry Jerome
|
0-0: Called Strike 0-1: Ground out 6-3 (Groundball, 6S, EV 65.0 MPH)
|
Bottom of the 6th over - 0 runs, 0 hits, 0 errors, 0 left on base; University of California 3 - Ohio State University 2 |
TOP OF THE 7TH |
University of California Golden Bears batting - Pitching for Ohio State University Buckeyes : RHP Rodolfo Lrio
|
Pitching: LHP Adrien Leroy
|
|
Now at 2B: Bill Daniel
|
|
Now at 3B: Mike Tarantino
|
|
Now at SS: Alvaro Millan
|
|
Now in LF: Dan Hummel
|
|
Batting: RHB Mike Wilson
|
0-0: Ball 1-0: Fly out, F7 (Line Drive, 7, EV 99.4 MPH)
|
Batting: RHB Juan Debayle
|
0-0: Ball 1-0: Swinging Strike 1-1: Called Strike 1-2: Strikes out swinging
|
Batting: LHB Jonathan Sosa
|
0-0: Ground out 3-1 (Groundball, 34, EV 111.2 MPH)
|
Top of the 7th over - 0 runs, 0 hits, 0 errors, 0 left on base; University of California 3 - Ohio State University 2 |
BOTTOM OF THE 7TH |
Ohio State University Buckeyes batting - Pitching for University of California Golden Bears : LHP Dave Coleman
|
Pitching: RHP Jim Plessis
|
|
Batting: RHB Josh Dinsmore
|
0-0: Called Strike 0-1: Ball 1-1: Called Strike 1-2: Ball 2-2: Strikes out swinging
|
Batting: RHB Bill Daniel
|
0-0: Ball 1-0: Called Strike 1-1: Fly out, F7 (Flyball, 78S, EV 74.4 MPH)
|
Batting: RHB Alvaro Millan
|
0-0: SINGLE (Flyball, 7S, EV 89.4 MPH)
|
Batting: LHB Adam Simpson
|
0-0: Called Strike 0-1: SINGLE (Line Drive, 8LS, EV 93.1 MPH) Alvaro Millan to second
|
Batting: RHB Joe Costner
|
0-0: Ball 1-0: Called Strike 1-1: Fly out, F7 (Flyball, 78M, EV 88.8 MPH)
|
Bottom of the 7th over - 0 runs, 2 hits, 0 errors, 2 left on base; University of California 3 - Ohio State University 2 |
TOP OF THE 8TH |
University of California Golden Bears batting - Pitching for Ohio State University Buckeyes : LHP Adrien Leroy
|
Batting: RHB Jake Ralston
|
0-0: Ground out 5-3 (Groundball, 25, EV 77.5 MPH)
|
Batting: LHB Luis Orellana
|
0-0: Ball 1-0: Ball 2-0: Ball 3-0: Called Strike 3-1: Called Strike 3-2: Ground out 4-3 (Groundball, 4, EV 96.9 MPH)
|
Batting: SHB Nick Jansen
|
0-0: Ball 1-0: Foul Ball, location: 2F 1-1: Ball 2-1: Foul Ball, location: 2F 2-2: Ball 3-2: Fly out, F2 (Popup, 23F, EV 88.8 MPH)
|
Top of the 8th over - 0 runs, 0 hits, 0 errors, 0 left on base; University of California 3 - Ohio State University 2 |
BOTTOM OF THE 8TH |
Ohio State University Buckeyes batting - Pitching for University of California Golden Bears : RHP Jim Plessis
|
Pitching: RHP Howie Abrams
|
|
Batting: RHB Masatoshi Mori
|
0-0: Ball 1-0: Swinging Strike 1-1: Ground out 4-3 (Groundball, 4, EV 86.2 MPH)
|
Batting: RHB Mike Tarantino
|
0-0: Called Strike 0-1: Ball 1-1: Foul Ball, location: 2F 1-2: Ball 2-2: Foul Ball, location: 2F 2-2: DOUBLE (Flyball, 78D, EV 107.5 MPH)
|
Batting: LHB Dan Hummel
|
0-0: Ball Wild Pitch! Mike Tarantino to third 1-0: Swinging Strike 1-1: Swinging Strike 1-2: Strikes out swinging
|
Batting: LHB Ben Callaway
|
0-0: Called Strike 0-1: Swinging Strike 0-2: Strikes out looking
|
Bottom of the 8th over - 0 runs, 1 hit, 0 errors, 1 left on base; University of California 3 - Ohio State University 2 |
TOP OF THE 9TH |
University of California Golden Bears batting - Pitching for Ohio State University Buckeyes : LHP Adrien Leroy
|
Pitching: RHP Neville MacDonald
|
|
Batting: RHB Nate Mahon
|
0-0: SOLO HOME RUN (Flyball, 78XD, EV 115.6 MPH), Distance : 459 ft
|
Batting: LHB Carlos Gaona
|
0-0: Called Strike 0-1: Ball 1-1: Fly out, F8 (Flyball, 8LD, EV 102.5 MPH)
|
Batting: RHB Luis Rojas
|
0-0: Ball 1-0: Ball 2-0: Called Strike 2-1: Ground out 5-3 (Groundball, 5L, EV 90.6 MPH)
|
Batting: RHB Mike Wilson
|
0-0: Ball 1-0: DOUBLE (Line Drive, 9LM, EV 104.4 MPH)
|
Batting: RHB Juan Debayle
|
0-0: Ball 1-0: Ball 2-0: Ball 3-0: Base on Balls
|
Batting: LHB Jonathan Sosa
|
0-0: Called Strike 0-1: Swinging Strike 0-2: Ball 1-2: Strikes out swinging
|
Top of the 9th over - 1 run, 2 hits, 0 errors, 2 left on base; University of California 4 - Ohio State University 2 |
BOTTOM OF THE 9TH |
Ohio State University Buckeyes batting - Pitching for University of California Golden Bears : RHP Howie Abrams
|
Pitching: RHP Steve Clothier
|
|
Batting: RHB Josh Dinsmore
|
0-0: Ball 1-0: Called Strike 1-1: Called Strike 1-2: Ball 2-2: Foul Ball, location: 2F 2-2: Strikes out swinging
|
Batting: RHB Bill Daniel
|
0-0: Ball 1-0: Swinging Strike 1-1: SINGLE (Groundball, 56D, EV 95.6 MPH)
|
Pinch Hitting: RHB Kyle Collins
|
0-0: Ball 1-0: Called Strike 1-1: Ball 2-1: SINGLE (Groundball, P, EV 77.5 MPH) (infield hit) Bill Daniel to second
|
Batting: LHB Adam Simpson
|
0-0: Fly out, F7 (Line Drive, 7LM, EV 99.4 MPH)
|
Batting: RHB Joe Costner
|
0-0: Ball 1-0: Swinging Strike 1-1: Ball 2-1: Ball 3-1: Foul Ball, location: 2F 3-2: Base on Balls Bill Daniel to third Kyle Collins to second
|
Pinch Hitting: RHB Tristan Gimple
|
0-0: Swinging Strike 0-1: Ball 1-1: Fly out, F7 (Flyball, 78M, EV 88.1 MPH)
|
Bottom of the 9th over - 0 runs, 2 hits, 0 errors, 3 left on base; University of California 4 - Ohio State University 2 |
|